 Dungeon Crawl Stone Soup version 0.31-a0-165-g3f4f80340b (webtiles) character file.

Game seed: 14526007589284334559

64 qw the Shooter (level 4, -4/28 HPs)
             Began as a Gargoyle Hunter on June 13, 2023.
             Killed from afar by Sigmund (7 damage)
             ... with a puff of flame
             ... on level 2 of the Dungeon.
             The game lasted 00:00:32 (1262 turns).

qw the Shooter (Gargoyle Hunter)                    Turns: 1262, Time: 00:00:33

Health: -4/28      AC:  8    Str: 14    XL:     4   Next: 12%
Magic:  4/4        EV: 10    Int: 10    God:
Gold:   85         SH:  0    Dex: 15    Spells: 3/3 levels left

rFire   . . .        Y - +0 shortbow
rCold   . . .        (shield currently unavailable)
rNeg    + . .        i - +0 ring mail
rPois   inf          (no helmet)
rElec   +            (no cloak)
rCorr   .            (no gloves)
SInv    .            (no boots)
Will    .....        (no amulet) Stlth
                     (no ring)
HPRegen 0.24/turn    (no ring)
MPRegen 0.09/turn

%: no passive effects
@: confused
A: sickness immunity, AC +3, negative energy resistance 1, electricity
resistance, torment resistance 1, petrification resistance
a: no special abilities


You were on level 2 of the Dungeon.
You visited 1 branch of the dungeon, and saw 2 of its levels.

You collected 85 gold pieces.


Innate Abilities, Weirdness & Mutations

You are immune to sickness and miasma.
Your stone body is resilient. (AC +3)
You are immune to poison.
You resist negative energy. (rN+)
You are resistant to electric shocks. (rElec)
You are resistant to unholy torment.
You are immune to petrification.


   Skills:
 - Level 3.0 Fighting
 - Level 5.2 Ranged Weapons
 + Level 0.0 Armour
 - Level 1.5 Dodging
 - Level 1.1 Stealth


You had 3 spell levels left.
You didn't know any spells.
Your spell library was empty.

Inventory:

Hand Weapons
 Y - a +0 shortbow (weapon)
Armour
 i - a +0 ring mail (worn)
Scrolls
 b - a scroll of amnesia {unknown}
 f - 2 scrolls of immolation {unknown}
Potions
 a - a potion of invisibility {unknown}
 d - a potion of heal wounds {unknown}
 e - a potion of might {unknown}
 g - a potion of resistance {unknown}
 h - a potion of enlightenment {unknown}

Dungeon Overview and Level Annotations

Branches:
Dungeon (2/15)

Altars:

Annotations:
D:2 Sigmund


Message History

You resist with some effort.
Sigmund whispers, "You'll know eternity soon."
You shoot an arrow. The arrow closely misses Sigmund.
Sigmund points at you and mumbles some strange words.
You are confused.
Sigmund closely misses you. Sigmund casts a spell at you.
The puff of flame misses you. Sigmund hits you but does no damage.
Sigmund hits you but does no damage.
You feel less confused.
You shoot an arrow. The arrow hits Sigmund.
Sigmund is heavily wounded.
Sigmund misses you.
You shoot an arrow. The arrow hits Sigmund.
Sigmund is severely wounded.
Sigmund hits you from afar with a +0 scythe.
You shoot an arrow. The arrow barely misses Sigmund.
Sigmund casts a spell at you.
You are confused.
Sigmund hits you from afar with a +0 scythe.
Sigmund closely misses you. Sigmund barely misses you.
Sigmund points at you and mumbles some strange words.
You are more confused.
Sigmund points at you and mumbles some strange words.
You resist with some effort. Sigmund casts a spell at you.
The magic dart hits you but does no damage.
Sigmund barely misses you. Sigmund barely misses you.
Sigmund hits you but does no damage.
You feel less confused.
Sigmund hits you from afar with a +0 scythe.
You shoot an arrow. The arrow barely misses Sigmund.
Sigmund gestures at you while chanting.
You are confused.
Sigmund points at you and mumbles some strange words.
The puff of flame hits you!
You die...

#.#..#
#.#........#......
#.#..#
#.#.....#.........
###.#..#
#.#.##.%....>.....
.......#
#.#....###########
##.##.## #.####.#
...##.####### #.# #.#
............####.#
###
...###.##.##.....#
..........##.###@###
....##........@....#
###.#########.####.##
..# #[....... ##.#
#...@..###...# ...
..........# ..# ##.
.##.#..#<.# .# . #.
... ... .# .. .#.#
.##.


You could see Sigmund.

Vanquished Creatures
  2 adders (D:2)
  A worm (D:2)
  2 dart slugs (D:2)
  A ball python (D:2)
  3 endoplasms
  A giant cockroach (D:1)
  2 goblins (D:1)
  6 hobgoblins
  6 kobolds
  3 quokkas
  3 bats
  3 frilled lizards (D:1)
  3 rats
36 creatures vanquished.

Notes
Turn   | Place    | Note
-------+----------+-------------------------------------------
     0 | D:1      | qw the Gargoyle Hunter began the quest for the Orb.
     0 | D:1      | Reached XP level 1. HP: 12/12 MP: 1/1
     0 | D:1      | 0 ||| qw: Version: 0.2-a-29-gc1b59c4
     0 | D:1      | 0 ||| qw: Game counter: 4665
     0 | D:1      | 0 ||| qw: Always use a shield: true
     0 | D:1      | 0 ||| qw: God list: Okawaru
     0 | D:1      | 0 ||| qw: Allow faded altars: false
     0 | D:1      | 0 ||| qw: Do Orc after D:15 true
     0 | D:1      | 0 ||| qw: Do second Lair branch before Depths: true
     0 | D:1      | 0 ||| qw: Lair rune preference: random
     0 | D:1      | 0 ||| qw: Plans: Normal, Zot:1-4, Slime:5, God:TSO, Crypt,
                  | Tomb, Abyss, Pan, Hells, Win
     0 | D:1      | 0 ||| PLANNING D:1-11
   138 | D:1      | 138 ||| FLEEEEING.
   139 | D:1      | 139 ||| FLEEEEING.
   145 | D:1      | 145 ||| FLEEEEING.
   311 | D:1      | Reached XP level 2. HP: 17/17 MP: 2/2
   798 | D:1      | 798 ||| DROPPING ring of flight.
   799 | D:1      | 799 ||| READING scroll labelled DEWNINU ZUSTO.
   812 | D:1      | 812 ||| DROPPING scroll of butterflies.
   856 | D:2      | Reached XP level 3. HP: 21/21 MP: 3/3
   867 | D:2      | Reached skill level 5 in Ranged Weapons
  1075 | D:2      | Reached skill level 3 in Fighting
  1075 | D:2      | Reached XP level 4. HP: 28/28 MP: 4/4
  1213 | D:2      | Noticed Sigmund
  1222 | D:2      | 1222 ||| UPGRADING to +0 ring mail.
  1227 | D:2      | HP: 7/28 [Sigmund/+0 scythe (4)]
  1232 | D:2      | 1232 ||| DROPPING +0 leather armour.
  1234 | D:2      | 1234 ||| FLEEEEING.
  1235 | D:2      | 1235 ||| FLEEEEING.
  1248 | D:2      | HP: 4/28 [Sigmund/+0 scythe (5)]
  1260 | D:2      | HP: 2/28 [Sigmund/+0 scythe (5)]
  1262 | D:2      | Killed from afar by Sigmund

Levels and vault maps discovered:
D:1:      dpeg_arrival_castle, layout_loops_corners, hex_large,
          chequers_serial_rivers_small_a
D:2:      layout_basic, uniq_sigmund

Skill      XL: |  1  2  3 |
---------------+----------+-----
Ranged Weapons | 5 |  5.2
Fighting       | 3 |  3.0
Dodging        | |  1.5
Stealth        | |  1.1

Action                     |  1- 3 |  4- 6 || total
---------------------------+-------+-------++-------
   Fire: Shortbow          |    94 |    25 ||   119
    Use: Scroll            |     1 |       ||     1
 Armour: Leather armour    |    10 |     1 ||    11
         Ring mail         |       |     4 ||     4
  Dodge: Dodged            |    14 |    16 ||    30

Table legend:
 A = Non-vault XP
 B = Vault XP
 C = Vault XP percentage of total XP
 D = Non-vault monster count
 E = Vault monster count
 F = Vault count percentage of total count
                 A         B        C        D         E       F
            +---------+---------+-------+---------+---------+-------
      Total |      92 |       0 |   0.0 |      36 |       0 |   0.0
            +---------+---------+-------+---------+---------+-------
        D:1 |      33 |       0 |   0.0 |      20 |       0 |   0.0
        D:2 |      59 |       0 |   0.0 |      16 |       0 |   0.0
            +---------+---------+-------+---------+---------+-------
